 Dungeon Sprint DCSS version 0.22-a0-570-g58866f5 (webtiles) character file.

1228 twistedcrescendo the Warrior (level 8, -2/91 HPs)
             Began as a Minotaur Berserker on June 30, 2018.
             Was an Elder of Trog.
             Slain by a demonic crawler (8 damage)
             ... in the Dungeon (Sprint I: "Red Sonja").
             The game lasted 00:05:09 (720 turns).

twistedcrescendo the Warrior (Minotaur Berserker)    Turns: 720, Time: 00:05:10

Health: -2/91      AC:  5    Str: 22    XL:     8   Next: 23%
Magic:  7/7        EV: 11    Int:  4    God:    Trog [****..]
Gold:   424        SH:  0    Dex: 12    Spells: 7/7 levels left

rFire    . . .     SeeInvis .   a - +0 hand axe
rCold    . . .     Gourm    .   (no shield)
rNeg     . . .     Faith    .   j - +0 ring mail
rPois    .         Spirit   .   (helmet restricted)
rElec    .         Reflect  .   (no cloak)
rCorr    .         Harm     .   (no gloves)
MR       .....     NoTele   +   (no boots)
Stlth    +.........             (no amulet)
HPRegen  0.25/turn              (no ring)
MPRegen  0.10/turn              (no ring)

@: berserk cooldown, slowed, very slow
A: retaliatory headbutt, horns 2
a: Berserk, Trog's Hand, Brothers in Arms, Renounce Religion


You were in the Dungeon.
You worshipped Trog.
Trog was greatly pleased with you.
You were very hungry.

You visited 1 branch You collected 424 gold pieces.

Inventory:

Hand Weapons
 a - a +0 hand axe (weapon)
Armour
 b - a +0 animal skin
 j - a +0 ring mail (worn)
Scrolls
 i - a scroll of blinking
Potions
 d - a potion of curing
 e - a potion of heal wounds
 f - a potion of haste
 g - 2 potions of magic
 h - a potion of berserk rage
Comestibles
 c - a ration


   Skills:
 + Level 15.5 Fighting
 - Level 14.4 Axes
 * Level 2.4 Armour
 - Level 2.1 Dodging


You had 7 spell levels left.
You didn't know any spells.
Your spell library was empty.

Dungeon Overview and Level Annotations

Branches:
Dungeon (1/1)

Altars:
Cheibriados
Dithmenos
Elyvilon
Fedhas
Gozag
Hepliaklqana
Kikubaaqudgha
Makhleb
Nemelex Xobeh
Okawaru
Qazlal
Ru
Sif Muna
Trog
Uskayaw
Vehumet
Wu Jian
Xom
Yredelemnul
Zin
The Shining One
Jiyva
Lugonu

Shops:
D }


Innate Abilities, Weirdness & Mutations

You reflexively headbutt those who attack you in melee.
You have a pair of horns on your head.


Message History

You hit the demonic crawler. The demonic crawler barely misses you.
The demonic crawler hits you!
* * * LOW HITPOINT WARNING * * *
The demonic crawler hits you.
* * * LOW HITPOINT WARNING * * *
The demonic crawler closely misses you. You furiously retaliate!
You headbutt the demonic crawler, but do no damage.
The demonic crawler hits you but does no damage.
The demonic crawler hits you.
* * * LOW HITPOINT WARNING * * *
The demonic crawler hits you but does no damage.
The demonic crawler hits you!
* * * LOW HITPOINT WARNING * * *
The demonic crawler barely misses you. The demonic crawler hits you.
* * * LOW HITPOINT WARNING * * *
The demonic crawler closely misses you.
The demonic crawler hits you but does no damage.
Unknown command.
The demonic crawler hits you!
You die...

#######################
#..').#..'..#__#..ss..#
').#..').#..'..'@s#s..##+#
#####'#####'#__####...'..#
####..#...#.#### #####..+
#__####..##.# ##
#_____##'#_.+
#_.∩...'..._#
#_..__##_.#+# #_____###+#
#######


You could see 3 demonic crawlers.

Vanquished Creatures
  2 kobold demonologists (D)
  A slime creature (D)
  Sigmund (D)
  A yak (D)
  A floating eye (D)
  An ogre (D)
  A jelly (D)
  Ijyb (D)
9 creatures vanquished.

Notes
Turn   | Place    | Note
-------+----------+-------------------------------------------
     0 | D        | twistedcrescendo the Minotaur Berserker began the quest for the Orb.
     0 | D        | Reached XP level 1. HP: 19/19 MP: 0/0
     1 | D        | Noticed Ijyb
     9 | D        | Killed Ijyb
     9 | D        | Reached skill level 6 in Fighting
     9 | D        | Reached XP level 2. HP: 21/30 MP: 1/1
    96 | D        | Noticed an ogre
    99 | D        | Killed an ogre
    99 | D        | Reached skill level 8 in Fighting
    99 | D        | Reached XP level 3. HP: 29/41 MP: 2/2
    99 | D        | Reached XP level 4. HP: 34/49 MP: 3/3
   187 | D        | Noticed Sigmund
   192 | D        | Killed Sigmund
   192 | D        | Reached ** piety under Trog
   192 | D        | Reached skill level 11 in Fighting
   192 | D        | Reached XP level 5. HP: 60/60 MP: 4/4
   251 | D        | Found an ornate altar of the Wu Jian Council.
   251 | D        | Found a deep blue altar of Sif Muna.
   253 | D        | Found a radiant altar of Vehumet.
   257 | D        | Reached XP level 6. HP: 38/68 MP: 5/5
   281 | D        | Found Vuxe's Gadget Emporium.
   281 | D        | Found an ancient bone altar of Kikubaaqudgha.
   281 | D        | Found a hazy altar of Hepliaklqana.
   281 | D        | Found a stormy altar of Qazlal.
   281 | D        | Found a hide-covered altar of Uskayaw.
   281 | D        | Found a blossoming altar of Fedhas.
   281 | D        | Found a bloodstained altar of Trog.
   281 | D        | Found an iron altar of Okawaru.
   281 | D        | Found a basalt altar of Yredelemnul.
   281 | D        | Found a glowing golden altar of the Shining One.
   281 | D        | Found a snail-covered altar of Cheibriados.
   281 | D        | Found a sacrificial altar of Ru.
   281 | D        | Found a glowing silver altar of Zin.
   281 | D        | Found a shadowy altar of Dithmenos.
   281 | D        | Found a white marble altar of Elyvilon.
   281 | D        | Noticed a yak
   288 | D        | Killed a yak
   288 | D        | Reached skill level 12 in Fighting
   289 | D        | Found an opulent altar of Gozag.
   290 | D        | Found a sparkling altar of Nemelex Xobeh.
   437 | D        | Found a burning altar of Makhleb.
   437 | D        | Found a viscous altar of Jiyva.
   437 | D        | Found a shimmering altar of Xom.
   437 | D        | Found a corrupted altar of Lugonu.
   437 | D        | Noticed a slime creature
   449 | D        | Killed a slime creature
   449 | D        | Reached *** piety under Trog
   449 | D        | Reached skill level 13 in Fighting
   449 | D        | Reached XP level 7. HP: 27/79 MP: 6/6
   684 | D        | Noticed a kobold demonologist
   684 | D        | Noticed a kobold demonologist
   685 | D        | Noticed a rust devil
   690 | D        | Noticed a chaos spawn
   701 | D        | Killed a kobold demonologist
   701 | D        | Reached skill level 14 in Fighting
   707 | D        | Killed a kobold demonologist
   707 | D        | Reached **** piety under Trog
   707 | D        | Reached skill level 15 in Fighting
   707 | D        | Reached XP level 8. HP: 91/91 MP: 7/7
   712 | D        | Noticed a demonic crawler
   712 | D        | Noticed a demonic crawler
   712 | D        | Noticed a demonic crawler
   712 | D        | Noticed a demonic crawler
   720 | D        | Slain by a demonic crawler

Vault maps used:
D:        dungeon_sprint_1

Skill      XL: |  1  2  3  4  5  6  7 |
---------------+----------------------+-----
Fighting       | 6 8 11 13 15 | 15.5
Axes           | 6 8 11 13 14 | 14.4
Armour         | |  2.4
Dodging        | |  2.1

Action                   |  1- 3 |  4- 6 |  7- 9 || total
-------------------------+-------+-------+-------++-------
Melee: Hand axe          |    10 |    24 |    25 ||    59
       Headbutt          |     2 |     6 |     3 ||    11
Invok: Berserk           |       |     1 |     1 ||     2
Armor: Animal skin       |     1 |       |       ||     1
       Ring mail         |       |     1 |    12 ||    13
Dodge: Dodged            |     5 |     4 |    18 ||    27

Table legend:
 A = Spawn XP
 B = Non-spawn XP
 C = Spawn XP percentage of total XP
 D = Spawn monster count
 E = Non-spawn monster count
 F = Spawn count percentage of total count
 G = Total turns spent on level
                    A         B        C        D         E        F      G
               +---------+---------+-------+---------+---------+-------+---------
         Total |       0 |    1755 |   0.0 |       0 |       9 |   0.0 |   720
               +---------+---------+-------+---------+---------+-------+---------
             D |       0 |    1755 |   0.0 |       0 |       9 |   0.0 |   720
               +---------+---------+-------+---------+---------+-------+---------
